 Dungeon Crawl Stone Soup version 0.30.1-11-g7821555f0a (webtiles) character file.

Game seed: 1899522870857423901

1836 Jerry the Cudgeller (level 8, -1/78 (79) HPs)
             Began as a Troll Gladiator on Dec 8, 2023.
             Was a Believer of the Shining One.
             Killed from afar by an acid dragon (23 damage)
             ... with a splash of acid
             ... on level 6 of the Dungeon.
             The game lasted 00:22:03 (4183 turns).

Jerry the Cudgeller (Troll Gladiator)               Turns: 4183, Time: 00:22:04

HP:   -1/78 (79)    AC: 12    Str: 23    XL:     8   Next: 87%
MP:   9/9           EV: 11    Int:  6    God:    the Shining One [**....]
Gold: 348           SH:  0    Dex: 11    Spells: 7/7 levels left

rFire   + . .        a - +0 flail
rCold   . . .        (no shield)
rNeg    + . .        r - +1 robe {rF+}
rPois   .            c - +0 hat
rElec   .            u - +2 cloak
rCorr   .            (gloves unavailable)
SInv    .            (boots unavailable)
Will    .....        w - amulet of regeneration
Stlth   +            o - +4 ring of protection
HPRegen 1.93/turn    (no ring)
MPRegen 0.11/turn

%: no passive effects
@: glowing, lightly drained
A: large, unfitting armour, claws 3, regeneration 1, shaggy fur 1, tough skin 1
a: Renounce Religion, Divine Shield


You were on level 6 of the Dungeon.
You worshipped the Shining One.
The Shining One was pleased with you.
You visited 1 branch of the dungeon, and saw 6 of its levels.

You collected 348 gold pieces.

Inventory:

Hand Weapons
 a - a +0 flail (weapon)
Missiles
 d - 2 throwing nets
 e - a large rock (quivered)
Armour
 c - a +0 hat (worn)
 r - a +1 robe of fire resistance (worn)
 u - a +2 cloak (worn)
Jewellery
 o - a +4 ring of protection (left claw)
 w - an amulet of regeneration (around neck)
Wands
 h - a wand of flame (18)
 l - a wand of polymorph (20)
 v - a wand of charming (7)
Scrolls
 b - a scroll of immolation
 m - a scroll of magic mapping {unknown}
Potions
 f - 3 potions of attraction {unknown}
 g - 2 potions of lignification
 i - a potion of ambrosia
 j - 2 potions of curing
 k - 2 potions of heal wounds
 n - 2 potions of resistance {unknown}
 q - 2 potions of invisibility {unknown}
 s - a potion of cancellation {unknown}


   Skills:
 + Level 4.7 Fighting
 + Level 5.5 Maces & Flails
 + Level 5.1 Throwing
 + Level 5.0 Dodging
 + Level 3.5 Invocations


You had 7 spell levels left.
You didn't know any spells.
Your spell library contained the following spells:

 Spells                   Type           Power      Damage    Failure   Level
 Portal Projectile        Hex/Tloc       0%         N/A       83%         3
 Tukima's Dance           Hex            0%         N/A       83%         3
 Blade Hands              Tmut           0%         N/A       100%        5


Dungeon Overview and Level Annotations

Branches:
Dungeon (6/15)
 Temple: D:4-7

Altars:
Cheibriados
Dithmenos
Fedhas
Okawaru
Yredelemnul
The Shining One


Innate Abilities, Weirdness & Mutations

You are too large for most types of armour.
You have claws for hands.
Your natural rate of healing is unusually fast.
You are covered in fur. (AC +1)
You have tough skin. (AC +1)


Message History

The wight is heavily damaged.
The wight hits you but does no damage.
You hit the wight but do no damage.
The wight is heavily damaged.
The wight hits you with a +0 mace.
You barely miss the wight.
The wight is heavily damaged.
The wight hits you with a +0 mace.
You hit the wight.
The wight is almost destroyed.
The wight hits you with a +0 mace.
* * * LOW HITPOINT WARNING * * *
You hit the wight.
The wight is almost destroyed.
The wight barely misses you. The wight hits you with a +0 mace.
* * * LOW HITPOINT WARNING * * *
You hit the wight.
You destroy the wight!
The Shining One accepts your kill.
You feel better.
You hit the acid dragon but do no damage.
The acid dragon spits acid at you. The splash of acid hits you!!
* * * LOW HITPOINT WARNING * * *
You hit the acid dragon.
The acid dragon is lightly wounded.
The acid dragon bites you but does no damage.
The acid dragon closely misses you.
You hit the acid dragon.
The acid dragon is lightly wounded.
The acid dragon misses you. The acid dragon closely misses you.
You barely miss the acid dragon.
The acid dragon is lightly wounded.
The acid dragon bites you but does no damage.
The acid dragon misses you.
You sock the acid dragon!
The acid dragon is heavily wounded.
The acid dragon spits acid at you. The splash of acid hits you!!
You die...

...#
...####...........⌠.
l.)...#............
.D....#......# ._..
......#...#.# ....
......#.....#.##..
......+........#.#
...####....### #.#
.....l...D...###@#
.........#....##D######
.........##.5..5l.....#
#####....###..).......#
...##....###..........#
...##....#......>.....#
...##.................#
...##.................#
...##.................#


You could see an acid dragon (catching breath), an iguana and a white imp.

Vanquished Creatures
  A wyvern (D:6)
  A water moccasin (D:6)
  A sky beast (D:6)
  A centaur (D:5)
  An ogre (D:5)
  3 phantoms
  2 scorpions
  A wyvern zombie (D:6)
  2 wights (D:6)
  A water moccasin zombie (D:6)
  5 bullfrog zombies (D:6)
  A jelly (D:6)
  A bullfrog skeleton (D:6)
  A gnoll bouda (D:4)
  4 hounds
  2 iguanas (D:5)
  Terence (D:3)
  A sleepcap (D:3)
  A killer bee zombie (D:6)
  10 gnolls
  A howler monkey skeleton (D:6)
  11 adders
  2 worms
  A dart slug (D:5)
  An orc (D:4)
  7 bats
  7 endoplasms
  5 giant cockroaches
  5 goblins
  3 hobgoblins
  4 jackals (D:2)
  2 quokkas (D:1)
  6 ball pythons
  A frilled lizard (D:1)
  6 kobolds
  4 rats
107 creatures vanquished.

Notes
Turn   | Place    | Note
-------+----------+-------------------------------------------
     0 | D:1      | Jerry the Troll Gladiator began the quest for the Orb.
     0 | D:1      | Reached XP level 1. HP: 19/19 MP: 0/0
   113 | D:1      | Found a faded altar of an unknown god.
   221 | D:1      | Reached XP level 2. HP: 28/28 MP: 1/1
   688 | D:2      | Reached XP level 3. HP: 35/35 MP: 2/2
  1332 | D:3      | Reached XP level 4. HP: 39/42 MP: 3/3
  1710 | D:3      | Noticed Terence
  1732 | D:3      | Killed Terence
  1733 | D:3      | Reached XP level 5. HP: 40/50 MP: 4/4
  1945 | D:3      | Found a blossoming altar of Fedhas.
  2137 | D:4      | Found a shadowy altar of Dithmenos.
  2420 | D:3      | Reached XP level 6. HP: 46/59 MP: 5/5
  2746 | D:4      | Found a glowing golden altar of the Shining One.
  3136 | D:4      | Became a worshipper of the Shining One
  3393 | D:5      | Entered Level 5 of the Dungeon
  3393 | D:5      | Found an iron altar of Okawaru.
  3514 | D:5      | Reached XP level 7. HP: 44/67 MP: 6/6
  3550 | D:5      | Reached skill level 1 in Invocations
  3815 | D:5      | Found a snail-covered altar of Cheibriados.
  3965 | D:6      | Reached XP level 8. HP: 78/78 MP: 8/8
  4010 | D:6      | Reached * piety under the Shining One
  4026 | D:6      | Reached skill level 5 in Maces & Flails
  4035 | D:6      | Found a basalt altar of Yredelemnul.
  4132 | D:6      | Reached ** piety under the Shining One
  4142 | D:6      | Reached skill level 5 in Throwing
  4170 | D:6      | Reached skill level 5 in Dodging
  4183 | D:6      | Killed from afar by an acid dragon

Illustrated notes

Levels and vault maps discovered:
D:1:      saegor_arrival_simple_d, layout_rooms,
          ebering_ecumenical_altar_sacrificial, minmay_misc_feat_encased
D:2:      layout_loops_ring
D:3:      layout_loops_cross, mainiacjoe_overflow_alcove_4,
          gup_sewer_entry_bowl, uniq_terence
D:4:      layout_loops_ring, old_standard_altar, nicolae_tso_swordbearing_angel
D:5:      layout_cave_pools, okawaru_trees_1, lemuel_crystal_altar
D:6:      layout_basic, amcnicky_altar_gilded, grunt_temple_overflow_open,
          zin_scriptorium, serial_undead, serial_undead_c, serial_undead_a,
          serial_undead_d, serial_undead_a, minmay_chambers_of_fives,
          uniq_crazy_yiuf_cottage

Skill      XL: |  1  2  3  4  5  6  7  8 |
---------------+-------------------------+-----
Throwing       | 2 3 4 5 |  5.1
Fighting       | 2 3 4 |  4.7
Maces & Flails | 3 4 5 |  5.5
Dodging        | 3 4 5 |  5.0
Invocations    | 2 3 |  3.5

Action                     |  1- 3 |  4- 6 |  7- 9 || total
---------------------------+-------+-------+-------++-------
  Melee: Flail             |   135 |   215 |   176 ||   526
         Punch             |     1 |     5 |     4 ||    10
  Throw: Throwing net      |       |     2 |       ||     2
         Large rock        |       |       |     1 ||     1
    Use: Scroll            |       |    10 |       ||    10
   Stab: Sleeping          |     1 |     4 |       ||     5
 Armour: Robe              |    52 |    76 |   110 ||   238
  Dodge: Dodged            |    98 |   119 |   141 ||   358
